 Dungeon Crawl Stone Soup version 0.28.0 (webtiles) character file.

Game seed: 1158355286086106875

2525438 fragbeetle the Englaciator (level 27, 189/189 (224) HPs)
             Began as a Merfolk Ice Elementalist on Feb 13, 2022.
             Was an Initiate of Gozag.
             Escaped with the Orb
             ... and 5 runes on Feb 15, 2022!
             The game lasted 08:20:13 (100375 turns).

fragbeetle the Englaciator (MfIE)                 Turns: 100375, Time: 08:20:13

HP:   189/189 (224) AC: 23    Str:  6 (10) XL:     27
MP:   50/50         EV: 15    Int: 36 (37) God:    Gozag
Gold: 1401          SH: 10    Dex: 11 (13) Spells: 1/54 levels left

rFire   + + +      SeeInvis +   M - +8 demon trident (pain)
rCold   + . .      Faith    .   j - +3 buckler {reflect}
rNeg    . . .      Spirit   .   J - +5 ring mail {rF+}
rPois   .          Reflect  +   C - +2 hat "Miwehise" {Will+++ Regen+ Int+4 Dex-4}
rElec   +          Harm     .   W - +2 cloak {rCorr}
rCorr   +          Rampage  .   v - +2 pair of gloves {hurl}
Will    ++++.                   P - +2 pair of boots {Stlth+}
Stlth   +.........              T - amulet of magic regeneration
HPRegen 1.21/turn               h - ring of Cyuzoef {Wiz Contam Will- Int+7 SInv}
MPRegen 0.72/turn               Q - ring of Nuenuh {rElec rF+ rC+ MP+9 Int+4}

@: heavily drained
A: (nimble swimmer 2), mertail, deterioration 1, dopey 1, fire resistance 1,
inhibited regeneration
0: Orb of Zot
}: 5/15 runes: serpentine, barnacled, slimy, silver, abyssal
a: Renounce Religion, Potion Petition, Call Merchant, Bribe Branch


You escaped.
You worshipped Gozag.
Gozag was most pleased with you.
You visited 13 branches of the dungeon, and saw 58 of its levels.
You visited the Abyss 2 times.
You also visited: Sewer, Gauntlet and Ice Cave.

You collected 35470 gold pieces.
You spent 10600 gold pieces at shops.
You paid 23469 gold pieces to Gozag.

Inventory:

Hand Weapons
 b - a +9 trident of protection
 M - a +8 demon trident of pain (weapon)
Missiles
 x - 25 curare-tipped darts
 S - 24 throwing nets
Armour
 j - a +3 buckler of reflection (worn)
 v - a +2 pair of gloves of hurling (worn)
 C - the +2 hat "Miwehise" (worn) {Will+++ Regen+ Int+4 Dex-4}
   (You acquired it on level 1 of the Vaults)

   Int:       It affects your intelligence (+4).
   Dex:       It affects your dexterity (-4).
   Regen:     It increases your rate of health regeneration.
   Will:      It greatly increases your willpower.
 J - a +5 ring mail of fire resistance (worn)
 P - a +2 pair of boots of stealth (worn)
 W - a +2 cloak of preservation (worn)
Magical Staves
 a - a staff of cold
Jewellery
 d - the ring "Rageot" {Fly SInv}
   (You bought it in a shop on level 3 of the Dungeon)

   [ring of see invisible]

   SInv:      It lets you see invisible.
   Fly:       It grants you flight.
 h - the ring of Cyuzoef (left hand) {Wiz Contam Will- Int+7 SInv}
   (You found it on level 2 of the Dungeon)

   [ring of wizardry]

   It improves your spell success rate.
   Int:       It affects your intelligence (+7).
   SInv:      It lets you see invisible.
   Contam:    It causes magical contamination when unequipped.
   Will:      It decreases your willpower.
 n - the ring "Cotoohaun" {rElec rPois rC++ Str+3 Int+2}
   (You bought it in a shop on level 1 of the Lair of Beasts)

   [ring of poison resistance]

   Str:       It affects your strength (+3).
   Int:       It affects your intelligence (+2).
   rC:        It greatly protects you from cold.
   rElec:     It insulates you from electricity.
   rPois:     It protects you from poison.
 G - the ring of Momodgh {rElec rF- rN+++ Will+ Str+3}
   (You took it off a deep elf blademaster on level 3 of the Elven Halls)

   [ring of willpower]

   Str:       It affects your strength (+3).
   rF:        It makes you vulnerable to fire.
   rElec:     It insulates you from electricity.
   rN:        It renders you almost immune to negative energy.
   Will:      It increases your willpower.
 Q - the ring of Nuenuh (right hand) {rElec rF+ rC+ MP+9 Int+4}
   (You bought it in a shop on level 5 of the Pits of Slime)

   [ring of protection from cold]

   Int:       It affects your intelligence (+4).
   rF:        It protects you from fire.
   rC:        It protects you from cold.
   rElec:     It insulates you from electricity.
   MP:        It affects your magic capacity (+9).
 T - an amulet of magic regeneration (around neck)
Wands
 q - a wand of iceblast (38)
 u - a wand of acid (16)
 z - a wand of paralysis (21)
 A - a wand of digging (34)
 D - a wand of flame (93) (quivered)
 K - a wand of mindburst (31)
Scrolls
 e - 4 scrolls of amnesia
 g - 5 scrolls of magic mapping
 l - 13 scrolls of fear
 m - 2 scrolls of silence
 s - 12 scrolls of fog
 t - 17 scrolls of teleportation
 y - 5 scrolls of summoning
 B - 3 scrolls of holy word
 X - 2 scrolls of vulnerability
 Z - 2 scrolls of enchant armour
Potions
 c - 2 potions of ambrosia
 o - 5 potions of brilliance
 p - 25 potions of curing
 r - 6 potions of heal wounds
 w - 5 potions of magic
 E - 10 potions of cancellation
 F - 4 potions of haste
 I - 11 potions of lignification
 L - 9 potions of might
 U - 4 potions of mutation
 Y - 3 potions of invisibility
Miscellaneous
 f - a lightning rod (4/4)
 k - a phial of floods
 H - a box of beasts
 N - a tin of tremorstones (2/2)
 O - a phantom mirror
 R - the horn of Geryon
 V - a condenser vane


   Skills:
 - Level 20.0 Fighting
 - Level 4.5 Short Blades
 - Level 20.0 Polearms
 - Level 8.0 Armour
 - Level 20.0 Dodging
 - Level 2.1 Stealth
 - Level 15.1 Shields
 - Level 14.0 Spellcasting
 - Level 5.6 Conjurations
 - Level 2.5 Hexes
 + Level 19.0 Necromancy
 - Level 20.0 Transmutations
 O Level 27 Ice Magic
 - Level 10.0 Earth Magic
 - Level 15.0 Evocations


You had one spell level left.
You knew the following spells:

 Your Spells              Type           Power      Damage    Failure   Level
a - Freeze                Ice            100%       1d11      0%          1
b - Frozen Ramparts       Ice            100%       1d12      0%          3
c - Ozocubu's Armour      Ice            100%       N/A       0%          3
d - Polar Vortex          Ice            60%        N/A       3%          9
e - Ozocubu's Refrigerat  Ice            60%        4d17      1%          7
f - Lee's Rapid Deconstr  Erth           38%        3d20*     1%          5
g - Borgnjor's Vile Clut  Necr/Erth      46%        N/A       1%          5
h - Freezing Cloud        Conj/Ice/Air   40%        6-21      1%          5
i - Yara's Violent Unrav  Hex/Tmut       41%        3d16      1%          5
j - Blink                 Tloc           50%        N/A       3%          2
k - Necromutation         Tmut/Necr      52%        N/A       4%          8

Your spell library contained the following spells:

 Spells                   Type           Power      Damage    Failure   Level
 Animate Skeleton         Necr           100%       N/A       0%          1
 Beastly Appendage        Tmut           100%       N/A       0%          1
 Pain                     Necr           100%       1d9       0%          1
 Foxfire                  Conj/Fire      100%       2x1d9     1%          1
 Magic Dart               Conj           100%       1d8       1%          1
 Sandblast                Erth           100%       2d20      1%          1
 Shock                    Conj/Air       100%       1d9       1%          1
 Slow                     Hex            100%       N/A       1%          1
 Sting                    Tmut/Pois      100%       1d8       1%          1
 Apportation              Tloc           50%        N/A       2%          1
 Summon Small Mammal      Summ           100%       N/A       2%          1
 Ensorcelled Hibernation  Hex/Ice        100%       N/A       0%          2
 Passwall                 Tmut/Erth      77%        N/A       0%          2
 Sublimation of Blood     Necr           100%       N/A       0%          2
 Vampiric Draining        Necr           100%       2d13      0%          3
 Animate Dead             Necr           52%        N/A       0%          4
 Dispel Undead            Necr           100%       3d31      0%          4
 Ice Form                 Ice/Tmut       100%       N/A       0%          4
 Corpse Rot               Necr/Air       100%       N/A       1%          2
 Searing Ray              Conj           100%       2d8       1%          2
 Dazzling Flash           Conj/Hex       100%       N/A       1%          3
 Ignite Poison            Fire/Tmut/Pois 65%        N/A       1%          3
 Spider Form              Tmut/Pois      77%        N/A       1%          3
 Stone Arrow              Conj/Erth      100%       3d13      1%          3
 Anguish                  Hex/Necr       40%        N/A       1%          4
 Hailstorm                Conj/Ice       97%        3d19      1%          4
 Leda's Liquefaction      Hex/Erth       31%        N/A       1%          4
 Petrify                  Tmut/Erth      93%        N/A       1%          4
 Summon Ice Beast         Ice/Summ       89%        N/A       1%          4
 Agony                    Necr           100%       N/A       1%          5
 Alistair's Intoxication  Tmut/Pois      51%        N/A       1%          5
 Blade Hands              Tmut           53%        N/A       1%          5
 Excruciating Wounds      Necr           52%        N/A       1%          5
 Irradiate                Conj/Tmut      43%        3d27      1%          5
 Metabolic Englaciation   Hex/Ice        46%        N/A       1%          5
 Death Channel            Necr           52%        N/A       1%          6
 Simulacrum               Ice/Necr       56%        N/A       1%          6
 Statue Form              Tmut/Erth      62%        N/A       1%          6
 Dragon Form              Tmut           53%        N/A       1%          7
 Confusing Touch          Hex            43%        N/A       2%          3
 Conjure Flame            Conj/Fire      45%        6-21      2%          3
 Tukima's Dance           Hex            43%        N/A       2%          3
 Animate Armour           Summ/Erth      100%       N/A       2%          4
 Poisonous Vapours        Pois/Air       50%        N/A       3%          2
 Inner Flame              Hex/Fire       34%        N/A       4%          3
 Portal Projectile        Hex/Tloc       68%        N/A       4%          3
 Summon Guardian Golem    Hex/Summ       34%        N/A       4%          3
 Fulminant Prism          Conj/Hex       26%        3d14      4%          4
 Iskenderun's Battlesphe  Conj           60%        2d11      6%          5
 Eringya's Noxious Bog    Tmut/Pois      38%        N/A       6%          6
 Borgnjor's Revivificati  Necr           52%        N/A       6%          8
 Infestation              Necr           52%        N/A       6%          8
 Call Canine Familiar     Summ           25%        N/A       7%          3
 Lesser Beckoning         Tloc           25%        N/A       7%          3
 Swiftness                Air            25%        N/A       7%          3
 Flame Wave               Conj/Fire      45%        2d10      7%          4
 Iskenderun's Mystic Bla  Conj/Tloc      45%        2d10      7%          4
 Sticky Flame             Conj/Fire      45%        2d6       7%          4
 Iron Shot                Conj/Erth      34%        9d7       14%         6
 Fireball                 Conj/Fire      22%        3d10      19%         5
 Lightning Bolt           Conj/Air       22%        1d38      19%         5
 Airstrike                Air            12%        N/A       22%         4
 Olgreb's Toxic Radiance  Pois           25%        N/A       22%         4
 Passage of Golubria      Tloc           25%        N/A       22%         4
 Summon Lightning Spire   Summ/Air       25%        N/A       22%         4
 Storm Form               Tmut/Air       38%        N/A       30%         7
 Silence                  Hex/Air        17%        N/A       34%         5
 Summon Mana Viper        Hex/Summ       34%        N/A       34%         5
 Haunt                    Necr/Summ      38%        N/A       34%         7
 Manifold Assault         Tloc           25%        N/A       50%         5
 Summon Forest            Summ/Tloc      12%        N/A       50%         5
 Death's Door             Necr           52%        N/A       63%         9
 Starburst                Conj/Fire      22%        6d8       69%         6
 Orb of Destruction       Conj           30%        9d10      86%         7
 Dispersal                Tloc           12%        N/A       96%         6
 Summon Cactus Giant      Summ           12%        N/A       96%         6
 Spellforged Servitor     Conj/Summ      22%        N/A       99%         7
 Lehudib's Crystal Spear  Conj/Erth      34%        10d9      99%         8
 Monstrous Menagerie      Summ           12%        N/A       100%        7
 Disjunction              Tloc           12%        N/A       100%        8
 Ignition                 Fire           12%        3d6       100%        8
 Dragon's Call            Summ           12%        N/A       100%        9


Dungeon Overview and Level Annotations

Branches:
Dungeon (15/15)            Temple (1/1) D:7            Lair (6/6) D:9
 Shoals (4/4) Lair:2        Snake (4/4) Lair:2        Slime (5/5) Lair:6
    Orc (2/2) D:12            Elf (3/3) Orc:2        Vaults (5/5) D:14
  Crypt (3/3) Vaults:3       Tomb (0/3) Crypt:3      Depths (4/4) D:15
   Hell (visited)             Dis (0/7) Hell            Geh (0/7) Hell
    Coc (0/7) Hell            Tar (0/7) Hell            Zot (5/5) Depths:4
  Sewer (visited)           IceCv (visited)         Gauntlet (visited)

Altars:
Ashenzari
Cheibriados
Dithmenos
Elyvilon
Fedhas
Gozag
Hepliaklqana
Kikubaaqudgha
Makhleb
Nemelex Xobeh
Okawaru
Qazlal
Ru
Sif Muna
Trog
Uskayaw
Vehumet
Wu Jian
Xom
Yredelemnul
Zin
The Shining One

Shops:
D:3 ?=   D:6 (   Orc:2 [*(:[?   Elf:1 !?   Lair:1 [!=([[   Shoals:2 [
Shoals:4 !:   Slime:5 =   Vaults:2 *   Vaults:5 [==   Depths:1 (

Portals:
Hell: Depths:1 Depths:2 Depths:3 Depths:4
Abyss: Depths:1 Depths:3
Pandemonium: Depths:2 Depths:3 Depths:4
Ziggurat: Depths:4
Trove: Vaults:4 (give +3 gold dragon scales)

Annotations:
Lair:5 exclusion: downstairs
Elf:2 3 runed translucent doors, exclusion: 3 doors
Crypt:3 exclusions: 5 doors and downstairs
Depths:2 exclusion: downstairs
Zot:3 3 runed translucent doors, exclusion: 3 doors, Heisao's ghost, legendary TrBe


Innate Abilities, Weirdness & Mutations

((You are very nimble when in or above water. (Stealth+, EV+, Speed+++)))
Your lower body shifts to a powerful aquatic tail in water.
Your body sometimes deteriorates upon taking damage.
You are dopey. (Int -2)
Your flesh is heat resistant. (rF+)
You do not regenerate when monsters are visible.


Message History

You reach to attack!
You hit the Orb Guardian.
The Orb Guardian writhes in agony!
The Orb Guardian is heavily wounded.
You miss the Orb Guardian.
The Orb Guardian is severely wounded.
You block the Orb Guardian's attack.
You kill the Orb Guardian!
No target in view!
(D) Dungeon (T) Temple (L) Lair (A) Shoals (P) Snake Pit (M) Slime Pits (O) Orcish Mines (E) Elven Halls (V) Vaults (C) Crypt (W) Tomb (U) Depths (H) Hell (I) Dis (G) Gehenna (X) Cocytus (Y) Tartarus (Z) Zot
Where to? (Enter - D:1 @ (x,y), ? - help)
What level of the Dungeon? (default 1, ? - help)
You see here a +0 giant club.
The winds around you start to calm down.
You float gracefully downwards.
There is a stone staircase leading down, spattered with blood here.
You see here a +0 spear.
The winds around you calm down.
Magic restored.
You see here a +0 club.
Things that are here:
a +0 club; a +0 spear
There is a stone staircase leading up here.
You climb upwards.
There is a stone staircase leading down here.
There is a stone staircase leading up here.
You climb upwards.
There is a stone staircase leading down here.
Things that are here:
a +0 robe; a +0 scythe
There is an open door here.
HP restored.
There is a stone staircase leading up here.
You climb upwards.
There is a stone staircase leading down here.
There is a staircase leading out of the dungeon here.
You have escaped!

#............##.......##
##..#######..##.......##
#...........##.......##
#...##......##.......##
#...##......##.......##
#.#......##.##.......##
#.#.####.##..........#
#.#.#....#####.......#
#.###.@.### #.......#
#.##....#.# #.......#
#.##.####.####.......#
#.##......#..........#
#......##...##########
#......##...#
#...........#
#..#######..# #### ####


There were no monsters in sight!

Vanquished Creatures
  the Royal Jelly (Slime:5)
  Dissolution (Slime:3)
  5 orbs of fire
  5 dread liches
  Mara (Depths:3)
  Mennas (Depths:3)
  4 ancient liches
  2 juggernauts (Depths:3)
  Sojobo (Vaults:5)
  5 Killer Klowns (Zot:5)
  Vashnia (Snake:4)
  Saint Roka (Crypt:1)
  Geryon (Hell)
  3 caustic shrikes (Depths:3)
  10 golden dragons
  The ghost of Vailuoroe the Devastator, a veteran GrEE of Lugonu (Crypt:3)
  4 bone dragons
  A hellephant (Hell)
  3 electric golems
  11 tentacled monstrosities
  A walking earthen tome (Depths:4)
  10 liches
  13 Orb Guardians
  A walking divine tome (Depths:3)
  11 quicksilver dragons
  4 titans
  2 deep elf master archers (Elf:3)
  2 deep elf blademasters (Elf:3)
  The ghost of Icukitah the Executioner, an adept HOFi of Okawaru (Shoals:1)
  Murray (Hell)
  2 krakens
  25 acid blobs
  5 death cobs
  A sphinx (shapeshifter) (Depths:3)
  11 ancient champions
  10 shadow dragons
  11 tentacled starspawn
  5 storm dragons
  Agnes (Snake:3)
  8 sphinxes
  An Executioner (Abyss:3)
  11 tengu reavers
  A fire giant (shapeshifter) (Depths:3)
  8 draconian monks
  10 fire giants
  6 nagarajas
  9 frost giants
  18 azure jellies
  3 revenants
  16 rockslimes
  A fenstrider witch (shapeshifter) (Vaults:5)
  8 draconian knights
  5 balrugs
  6 draconian scorchers
  5 iron dragons
  5 cacodemons
  15 vault wardens
  Aizul (Snake:4)
  The ghost of Xiestris the Carver, a journeyman DsGl of Makhleb (D:15)
  6 deep elf sorcerers
  5 curse skulls
  4 orc warlords
  10 ghouls
  5 deep elf elementalists (Elf:3)
  4 ghost moths
  2 juggernaut zombies (Crypt:2)
  7 draconian stormcallers
  6 draconian shifters
  20 ironbound preservers
  A spriggan defender (Depths:3)
  4 draconian annihilators
  4 war gargoyles
  11 stone giants
  8 ironbound thunderhulks
  11 quicksilver oozes
  18 very ugly things
  8 reapers
  2 lorocyprocas
  10 vampire knights
  15 black draconians
  11 green draconians
  Nessos (D:14)
  2 deep elf demonologists (Elf:3)
  Azrael (Elf:1)
  6 dire elephants
  A demonspawn black sun (Zot:5)
  An entropy weaver (shapeshifter) (Vaults:5)
  8 deep elf annihilators
  A minotaur (Gauntlet)
  5 purple draconians
  9 white draconians
  12 yellow draconians
  12 red draconians
  A bunyip (Zot:5)
  2 spark wasps (Depths:3)
  3 eidola
  A green death (Hell)
  11 deep elf death magi
  20 ettins
  A spectral kraken (Shoals:1)
  3 merfolk javelineers
  2 blizzard demons
  7 merfolk impalers
  A spectral golden dragon (D:15)
  13 fire dragons
  3 spriggan zombies
  Josephine (D:15)
  A fire dragon (shapeshifter) (Depths:3)
  4 deep elf high priests
  2 jiangshi (Crypt:3)
  A spectral quicksilver dragon (D:15)
  A quicksilver dragon zombie (Crypt:3)
  12 yaktaur captains
  A kraken zombie (Hell)
  3 hell beasts
  21 naga warriors
  7 rakshasas
  11 hydras
  19 great orbs of eyes
  32 vault guards
  A fenstrider witch zombie (Crypt:2)
  4 salamander tyrants
  6 ice dragons
  6 spriggan air magi
  6 boulder beetles
  14 centaur warriors
  13 anacondas
  6 catoblepae
  3 ogre magi
  A spectral fire giant (D:15)
  A spriggan skeleton (Crypt:1)
  2 peacekeepers
  4 satyrs (Shoals:4)
  10 ironbound frosthearts
  An anaconda (shapeshifter) (Vaults:5)
  A satyr (shapeshifter) (Vaults:5)
  5 alligator snapping turtles
  9 two-headed ogres
  20 death yaks
  3 merfolk aquamancers
  6 death knights
  11 deep troll earth magi
  13 deep troll shamans
  10 tengu warriors
  9 naga sharpshooters
  5 hell hogs
  8 thrashing horrors
  3 orc high priests (Orc:2)
  Urug (D:10)
  4 vampire magi
  4 shock serpents
  A titan zombie (Crypt:1)
  12 soul eaters
  17 deep elf knights
  4 spriggan berserkers
  3 titan skeletons
  The ghost of gorn the Cleaver, a novice HOFi of Trog (D:6)
  16 hell knights
  9 wretched stars
  24 skeletal warriors
  A fire crab (D:14)
  4 shadow wraiths
  16 sun demons
  12 iron trolls
  5 salamander mystics
  57 deep trolls
  An orb spider (Abyss:4)
  6 sixfirhies
  A bunyip zombie (Crypt:3)
  A steelbarb worm (shapeshifter) (Vaults:5)
  A deep troll (shapeshifter) (Vaults:3)
  6 glowing orange brains
  10 sea snakes
  3 quicksilver dragon simulacra
  An iron giant zombie (Crypt:2)
  An orange crystal statue (Depths:1)
  A sphinx zombie (Vaults:2)
  9 naga ritualists
  A swamp dragon (shapeshifter) (Elf:1)
  10 deep elf archers
  8 flayed ghosts
  A sea snake (shapeshifter) (D:15)
  A kraken simulacrum (Hell)
  11 ironbound convokers
  A shadow dragon zombie (Crypt:2)
  A harpy (shapeshifter) (D:15)
  12 necromancers
  7 wizards
  35 deep elf pyromancers
  2 bunyip skeletons
  A lindwurm (shapeshifter) (Vaults:5)
  3 bog bodies
  5 lindwurms
  29 harpies
  An oklob plant (Zot:2)
  15 mana vipers
  5 orc sorcerers
  An iron dragon zombie (Crypt:2)
  13 orc knights
  15 phantasmal warriors
  38 deep elf zephyrmancers
  A frost giant zombie (D:15)
  8 shining eyes
  40 ugly things
  A jorogumo skeleton (Crypt:3)
  5 cyclopes
  19 fauns
  An iron dragon skeleton (Crypt:1)
  A stone giant zombie (Crypt:1)
  25 salamanders
  A cyclops (shapeshifter) (Depths:2)
  A shadow dragon skeleton (Depths:1)
  A fire giant skeleton (Crypt:1)
  15 manticores
  A shining eye (shapeshifter) (Vaults:5)
  A moth of wrath (shapeshifter) (Depths:2)
  13 moths of wrath
  Joseph (D:10)
  2 worldbinders
  12 elephants
  10 merfolk sirens
  A stone giant skeleton (Vaults:2)
  7 guardian serpents
  5 smoke demons
  A torpor snail (Gauntlet)
  4 apocalypse crabs
  9 rust devils (Hell)
  35 black mambas
  An ice statue (Depths:4)
  17 naga magi
  19 vault sentinels
  7 water nymphs
  11 cane toads
  A cane toad (shapeshifter) (Depths:3)
  7 orange demons
  A draconian skeleton (Crypt:1)
  6 eyes of devastation
  3 centaur skeletons
  A rime drake (IceCv)
  Maggie (D:8)
  4 spectral sea snakes (Shoals:1)
  2 gargoyles
  2 eyes of devastation (shapeshifter)
  3 sea snake zombies (Hell)
  2 dire elephant skeletons
  A tormentor (Depths:3)
  8 freezing wraiths
  5 komodo dragons
  A redback zombie (Crypt:3)
  A catoblepas zombie (Crypt:2)
  45 yaktaurs
  2 yaktaur skeletons (Vaults:2)
  10 ice devils
  An efreet (Abyss:3)
  7 ancient zymes
  2 minotaur zombies
  A grey draconian skeleton (Crypt:2)
  An alligator snapping turtle skeleton (Crypt:2)
  4 hellwings (Depths:3)
  A tengu conjurer (Depths:2)
  3 guardian mummies (Crypt:2)
  A silent spectre (Abyss:4)
  A green draconian skeleton (Crypt:2)
  3 hydra zombies
  2 red devils
  3 harpy zombies
  7 wind drakes
  3 trolls
  2 hydra skeletons
  30 merfolk
  5 polar bears
  An iron dragon simulacrum (Crypt:2)
  3 harpy skeletons
  3 ettin zombies
  A hornet (shapeshifter) (Abyss:3)
  8 snapping turtles
  9 blink frogs
  A wind drake (shapeshifter) (Vaults:5)
  A frost giant simulacrum (D:15)
  127 slime creatures
  3 fire giant simulacra
  13 raiju
  3 dream sheep (Shoals:3)
  A stone giant simulacrum (Crypt:1)
  A guardian serpent zombie (Crypt:3)
  A draconian simulacrum (Crypt:1)
  An elf zombie (Vaults:2)
  Sigmund (D:2)
  An ice dragon zombie (Crypt:2)
  19 flying skulls
  2 air elementals
  A vampire (D:12)
  2 ettin skeletons (Abyss:4)
  2 ynoxinuls (Abyss:4)
  A shadow (D:7)
  8 fire elementals
  22 humans
  71 yaks
  4 basilisks
  2 wyverns
  A black mamba zombie (Crypt:2)
  A dire elephant simulacrum (Crypt:1)
  6 water elementals
  14 wraiths
  3 chaos spawn
  4 golden eyes
  A sea snake simulacrum (Hell)
  4 vampire mosquitoes (D:12)
  11 small abominations
  2 tyrant leech zombies
  9 wargs
  5 neqoxecs
  A steam dragon (D:7)
  2 naga zombies
  44 nagas
  A two-headed ogre zombie (Crypt:1)
  Edmund (D:8)
  A spectral snapping turtle (Shoals:1)
  A hell hound (Elf:1)
  A floating eye (shapeshifter) (Abyss:4)
  A naga skeleton (Crypt:1)
  Duvessa (D:4)
  13 large abominations
  A deep troll skeleton (Abyss:1)
  5 floating eyes
  A two-headed ogre skeleton (Crypt:3)
  8 water moccasins
  37 orc warriors
  A sky beast (Abyss:1)
  Pargi (Sewer)
  19 starcursed masses
  A black bear (D:6)
  4 ettin simulacra (Depths:4)
  4 necrophages
  An ogre (shapeshifter) (D:14)
  8 ogres
  An alligator simulacrum (Hell)
  5 boggarts (D:15)
  12 centaurs
  9 wolves
  A torpor snail zombie (Crypt:1)
  A phantom (D:4)
  11 bullfrogs
  3 kobold brigands
  A salamander zombie (Crypt:2)
  Blork the orc (D:4)
  A komodo dragon zombie (Crypt:1)
  2 scorpions
  2 gnoll sergeants
  5 earth elementals
  A human simulacrum (D:15)
  A polar bear zombie (Crypt:3)
  Dowan (D:4)
  4 killer bees (D:8)
  4 electric eels
  5 wights (D:9)
  A raiju skeleton (Crypt:1)
  2 howler monkeys
  3 centaur zombies
  A bullfrog zombie (D:7)
  9 jellies
  2 hounds (D:8)
  23 orc priests
  A human zombie (Crypt:2)
  2 iron imps
  Crazy Yiuf (D:2)
  A basilisk skeleton (Crypt:1)
  An iguana (D:4)
  20 orc wizards
  A scorpion zombie (D:5)
  Ijyb (D:3)
  7 hell rats (Hell)
  A killer bee zombie (D:7)
  A felid zombie (Crypt:2)
  An acid dragon zombie (Crypt:3)
  A hound zombie (D:5)
  Robin (D:4)
  6 adders
  11 gnolls
  A howler monkey skeleton (D:6)
  A shadow imp (D:6)
  A swamp drake skeleton (Crypt:3)
  A white imp (D:5)
  2 ufetubi
  A worm zombie (Crypt:3)
  A barachi zombie (Crypt:2)
  2 lava snake skeletons
  A worm (shapeshifter) (Depths:3)
  3 dart slugs (D:1)
  4 worms
  105 orcs
  9 bats
  14 endoplasms
  4 giant cockroaches
  10 goblins
  12 hobgoblins
  2 jackals (D:8)
  22 kobolds
  3 quokkas
  7 ball pythons
  16 frilled lizards
  A kobold zombie (Crypt:1)
  An orc zombie (Crypt:3)
  9 rats
  A fire vortex (Hell)
  2 lurking horrors
  5 starspawn tentacles
  6 tentacles
2768 creatures vanquished.

Vanquished Creatures (collateral kills)
  A dread lich (Zot:5)
  An orb of fire (Zot:5)
  2 Killer Klowns (Zot:5)
  2 golden dragons (Zot:2)
  Jory (Vaults:3)
  2 electric golems
  3 tentacled monstrosities
  6 Orb Guardians (Zot:5)
  8 acid blobs (Zot:2)
  A quicksilver dragon (Zot:5)
  3 death cobs
  A storm dragon (Zot:2)
  4 draconian knights
  5 draconian scorchers
  A ghost moth (Zot:5)
  4 draconian shifters
  2 draconian stormcallers
  A draconian annihilator (Zot:4)
  4 yellow draconians (Zot:2)
  5 black draconians (Zot:2)
  2 white draconians (Zot:5)
  2 purple draconians
  2 red draconians
  A crystal guardian (Vaults:4)
  A fire dragon (Zot:2)
  4 moths of wrath
  An oklob plant (Zot:2)
  A red devil (Zot:3)
  7 jellies (Zot:2)
78 creatures vanquished.

Vanquished Creatures (others)
  5 Orb Guardians (Zot:5)
  An acid blob (Zot:2)
  2 draconian monks (Zot:2)
  A draconian knight (Zot:2)
  2 draconian stormcallers
  A war gargoyle (Depths:4)
  3 draconian shifters
  A draconian annihilator (Zot:2)
  4 green draconians
  6 yellow draconians (Zot:2)
  A black draconian (Zot:5)
  A purple draconian (Zot:2)
  3 white draconians
  A red draconian (Zot:5)
  2 fire dragons (Zot:2)
  2 ice dragons (Zot:2)
  14 dancing weapons
  An oklob plant (Zot:2)
  3 moths of wrath (Zot:5)
  An ancient zyme (Abyss:4)
  A floating eye (Depths:4)
  10 jellies (Zot:2)
  A bush (Lair:6)
  A fulminant prism (Lair:4)
  49 fungi
  351 plants
  13 starspawn tentacles
  17 tentacles
  5 toadstools (D:12)
503 creatures vanquished.

Grand Total: 3349 creatures vanquished

Notes
Turn   | Place    | Note
-------+----------+-------------------------------------------
     0 | D:1      | fragbeetle the Merfolk Ice Elementalist began the quest for
                  | the Orb.
     0 | D:1      | Reached XP level 1. HP: 13/13 MP: 3/3
   201 | D:1      | Reached XP level 2. HP: 5/19 MP: 1/5
   876 | D:1      | Reached skill level 5 in Ice Magic
   921 | D:1      | Reached XP level 3. HP: 17/24 MP: 4/6
  1091 | D:1      | Learned a level 3 spell: Frozen Ramparts
  2217 | D:2      | Noticed Sigmund
  2510 | D:3      | Reached XP level 4. HP: 24/30 MP: 8/8
  2646 | D:3      | Found a glowing drain.
  2667 | Sewer    | Entered a sewer
  2766 | Sewer    | Noticed Pargi
  2773 | Sewer    | Killed Pargi
  2774 | Sewer    | Reached skill level 6 in Ice Magic
  2774 | Sewer    | Reached XP level 5. HP: 15/35 MP: 5/9
  2791 | Sewer    | Learned a level 3 spell: Ozocubu's Armour
  3063 | D:3      | Found Rangerio's Jewellery Shop.
  3335 | D:3      | Noticed Ijyb
  3337 | D:3      | Found a faded altar of an unknown god.
  3346 | D:3      | Killed Ijyb
  3479 | D:3      | Reached XP level 6. HP: 41/41 MP: 4/10
  3588 | D:3      | Found Zoan's Magic Scroll Boutique.
  3601 | D:3      | Bought a scroll of identify for 22 gold pieces
  3601 | D:3      | Bought a scroll of teleportation for 33 gold pieces
  3601 | D:3      | Bought a scroll of blinking for 82 gold pieces
  4040 | D:2      | Found a runed translucent door.
  4041 | D:2      | Noticed Crazy Yiuf
  4093 | D:2      | Identified the ring of Cyuzoef {Wiz Contam Will- Int+7
                  | SInv}
  4408 | D:2      | Killed Sigmund
  4409 | D:2      | Reached XP level 7. HP: 39/46 MP: 2/11
  4679 | D:2      | Found a runed translucent door.
  5028 | D:4      | Noticed Dowan
  5094 | D:4      | Reached skill level 5 in Polearms
  5245 | D:4      | Noticed Robin
  5245 | D:4      | Identified the +1 trident of the Seeker {spect, rN+ Will+}
  5245 | D:4      | Noticed Duvessa
  5288 | D:5      | Entered Level 5 of the Dungeon
  5926 | D:6      | Found Haifeast's Weapon Shop.
  6049 | D:6      | Found a runed translucent door.
  6049 | D:6      | Found a shimmering altar of Xom.
  6049 | D:6      | Noticed gorn's ghost (novice HOFi)
  6049 | D:6      | Noticed a +2 quarterstaff of chaos
  6144 | D:5      | You fall into a shaft and drop 1 floor!
  6276 | D:5      | Reached XP level 8. HP: 43/52 MP: 8/12
  6302 | D:4      | Reached skill level 10 in Polearms
  6469 | D:4      | Killed Duvessa
  6478 | D:4      | Killed Dowan
  6609 | D:4      | Noticed Blork the orc
  6623 | D:4      | Killed Blork the orc
  6697 | D:4      | Killed Robin
  7396 | D:5      | Reached XP level 9. HP: 57/57 MP: 6/13
  7510 | D:5      | Found a bloodstained altar of Trog.
  7853 | D:7      | Noticed a gargoyle
  7944 | D:7      | Found a staircase to the Ecumenical Temple.
  7953 | Temple   | Entered the Ecumenical Temple
  8054 | Temple   | Became a worshipper of Gozag Ym Sagoz the Greedy
  8173 | D:7      | Reached skill level 7 in Ice Magic
  8681 | D:7      | Killed a gargoyle
  8682 | D:7      | Reached skill level 8 in Ice Magic
  8911 | D:8      | Noticed a red ugly thing
  9115 | D:8      | Killed a red ugly thing
  9116 | D:8      | Reached XP level 10. HP: 48/76 MP: 7/14
  9266 | D:8      | Noticed Edmund
  9288 | D:8      | Killed Edmund
  9920 | D:8      | Reached skill level 10 in Fighting
 10013 | D:8      | Reached skill level 1 in Evocations
 10099 | D:8      | Noticed Maggie
 10117 | D:8      | Killed Maggie
 10452 | D:9      | Found a staircase to the Lair.
 10600 | D:3      | Bought the ring "Hotil" {rElec rN+ Int+2} for 458 gold
                  | pieces
 10923 | D:9      | Identified the +2 scale mail of the Exiled Heavens {rN+}
 11182 | D:9      | Noticed a fire dragon
 11640 | D:10     | Entered Level 10 of the Dungeon
 11746 | D:10     | Reached XP level 11. HP: 85/90 MP: 15/15
 11752 | D:10     | Reached skill level 5 in Evocations
 11755 | D:10     | Reached skill level 1 in Armour
 12042 | D:10     | Noticed Urug
 12379 | D:10     | Noticed Joseph
 12388 | D:10     | Killed Joseph
 12876 | D:11     | Noticed a manticore
 12885 | D:11     | Killed a manticore
 13000 | D:11     | Noticed a manticore
 13011 | D:11     | Killed a manticore
 13314 | D:11     | Noticed a five-headed hydra
 13314 | D:11     | Noticed a boulder beetle
 13442 | Lair:1   | Entered Level 1 of the Lair of Beasts
 13693 | Lair:1   | Reached skill level 5 in Armour
 15204 | Lair:2   | Reached XP level 12. HP: 97/97 MP: 16/16
 15513 | Lair:2   | Learned a level 4 spell: Fulminant Prism
 15739 | Lair:2   | Reached skill level 10 in Evocations
 15812 | Lair:2   | Found a staircase to the Snake Pit.
 15888 | Lair:2   | Reached skill level 1 in Hexes
 16180 | Lair:2   | Found a staircase to the Shoals.
 16457 | Lair:3   | Reached skill level 9 in Ice Magic
 17482 | Lair:3   | Learned a level 7 spell: Ozocubu's Refrigeration
 17726 | Lair:4   | Noticed a death yak
 17764 | Lair:4   | Noticed a six-headed hydra
 17776 | Lair:4   | Killed a six-headed hydra
 17777 | Lair:4   | Reached skill level 10 in Ice Magic
 17874 | Lair:4   | Noticed a six-headed hydra
 17880 | Lair:4   | Killed a six-headed hydra
 18109 | Lair:4   | Got the Incunabulum of Moulding
 18330 | Lair:4   | Noticed a death yak
 18343 | Lair:4   | Noticed a death yak
 18365 | Lair:4   | Killed a death yak
 18366 | Lair:4   | Reached skill level 11 in Ice Magic
 18752 | D:2      | Killed Crazy Yiuf
 18756 | D:2      | Identified the +5 mace of Crusades {venom, Int+3 Dex+5}
 19159 | Lair:4   | Noticed a death yak
 19257 | Lair:4   | Killed a death yak
 19263 | Lair:4   | Killed a death yak
 19272 | Lair:4   | Killed a death yak
 19273 | Lair:4   | Reached XP level 13. HP: 57/103 MP: 15/19
 19506 | Lair:4   | Reached skill level 12 in Ice Magic
 19597 | Lair:4   | Identified 2 scrolls of acquirement
 19608 | Lair:3   | Acquired the +1 helmet of Somuen {Regen+ MP+9 Dex-2}
 19636 | Lair:3   | Acquired the +10 glaive of Gijum {venom, rPois rN+ Int-2}
 20084 | Lair:5   | Reached skill level 13 in Ice Magic
 20621 | Lair:5   | Reached skill level 14 in Ice Magic
 20812 | Lair:6   | Entered Level 6 of the Lair of Beasts
 21198 | D:12     | Reached skill level 15 in Ice Magic
 22005 | D:12     | Found a staircase to the Orcish Mines.
 22196 | D:12     | Reached XP level 14. HP: 106/110 MP: 15/20
 22248 | D:12     | Reached skill level 16 in Ice Magic
 23634 | Lair:6   | Reached skill level 17 in Ice Magic
 23972 | Lair:6   | Found a staircase to the Slime Pits.
 24550 | Lair:6   | Reached skill level 18 in Ice Magic
 24575 | Lair:6   | Reached XP level 15. HP: 112/115 MP: 21/21
 25550 | D:3      | Bought the ring "Rageot" {Fly SInv} for 289 gold pieces
 25829 | Orc:1    | Entered Level 1 of the Orcish Mines
 25876 | Orc:1    | Noticed an orc warlord
 25881 | Orc:1    | Killed an orc warlord
 26032 | Orc:2    | Entered Level 2 of the Orcish Mines
 26157 | Orc:2    | Found Gakel's Magic Scroll Shop.
 26164 | Orc:2    | Bought a scroll of identify for 26 gold pieces
 26164 | Orc:2    | Bought a scroll of noise for 13 gold pieces
 26164 | Orc:2    | Bought a scroll of identify for 26 gold pieces
 26164 | Orc:2    | Bought a scroll of silence for 97 gold pieces
 26771 | Orc:2    | Found a staircase to the Elven Halls.
 26836 | Orc:2    | Reached skill level 5 in Dodging
 26942 | Orc:2    | Found Daqawyrph's Assorted Antiques.
 26942 | Orc:2    | Found Cibison's Armour Shoppe.
 26959 | Orc:2    | Found Xuruqerr's Antique Weapon Shop.
 26959 | Orc:2    | Found Muaniruyng's Book Shoppe.
 26971 | Orc:2    | Bought a runed glass ring for 195 gold pieces
 26979 | Orc:2    | Bought Great Wizards, Vol. II for 646 gold pieces
 27230 | Orc:2    | Reached skill level 15 in Polearms
 29250 | D:14     | Noticed Nessos
 29250 | D:14     | Found a gate to the Vaults.
 29253 | D:14     | Killed Nessos
 29351 | D:14     | Found a gate leading to a gauntlet.
 29376 | Gauntlet | Entered a Gauntlet
 29376 | Gauntlet | Found a transporter.
 29376 | Gauntlet | Found a transporter.
 29389 | Gauntlet | Found a transporter.
 29392 | Gauntlet | Found a transporter.
 29400 | Gauntlet | Found a transporter.
 29404 | Gauntlet | Found a transporter.
 29421 | Gauntlet | Found a transporter.
 29433 | Gauntlet | Found a transporter.
 29454 | Gauntlet | Found a transporter.
 29455 | Gauntlet | Found a transporter.
 29466 | Gauntlet | Found a transporter.
 29467 | Gauntlet | Found a transporter.
 29827 | Gauntlet | Reached skill level 10 in Dodging
 29827 | Gauntlet | Reached XP level 16. HP: 86/126 MP: 4/22
 29873 | Gauntlet | Identified the +1 cloak of Death Resistance {rF- Will+
                  | Int+4 Stlth+}
 29895 | Gauntlet | Learned a level 2 spell: Ensorcelled Hibernation
 30721 | D:14     | Found a radiant altar of Vehumet.
 31049 | D:15     | Entered Level 15 of the Dungeon
 31049 | D:15     | Found a runed translucent gate.
 31049 | D:15     | Found a runed translucent gate.
 31049 | D:15     | Found a runed translucent gate.
 31147 | D:15     | Noticed Xiestris's ghost (journeyman DsGl)
 31421 | D:15     | Found a staircase to the Depths.
 31614 | D:15     | Noticed Josephine
 31618 | D:15     | Killed Josephine
 31744 | D:15     | Reached skill level 5 in Spellcasting
 32202 | Lair:1   | Learned a level 5 spell: Borgnjor's Vile Clutch
 32206 | Lair:1   | Bought a pair of glowing boots for 210 gold pieces
 32206 | Lair:1   | Bought a shimmering helmet for 266 gold pieces
 32206 | Lair:1   | Identified the +0 helmet of a Labyrinth {rElec} (You bought
                  | it in a shop on level 1 of the Lair of Beasts)
 32344 | Lair:1   | Bought a faintly glowing ring mail for 252 gold pieces
 32344 | Lair:1   | Identified the +1 ring mail of Gehenna {*Corrode rElec
                  | rF++} (You bought it in a shop on level 1 of the Lair of
                  | Beasts)
 32349 | Lair:1   | Bought a pair of embroidered gloves for 210 gold pieces
 32353 | Lair:1   | Bought a thick robe for 159 gold pieces
 32353 | Lair:1   | Identified the +1 robe of Supple Strength {-Cast +Inv rElec
                  | rCorr} (You bought it in a shop on level 1 of the Lair of
                  | Beasts)
 32457 | D:10     | Killed Urug
 32630 | D:9      | Reached skill level 1 in Necromancy
 33062 | Snake:1  | Entered Level 1 of the Snake Pit
 33446 | Snake:1  | Reached skill level 5 in Necromancy
 33671 | Snake:1  | Reached XP level 17. HP: 121/131 MP: 21/26
 34524 | Snake:2  | Identified the +6 chain mail of Dice, Bag, and Bottle {rC-
                  | Dex+6}
 35747 | Snake:3  | Reached skill level 10 in Necromancy
 35789 | Snake:3  | Learned a level 6 spell: Eringya's Noxious Bog
 35828 | Snake:3  | Identified the +1 cloak of Day {Int+5}
 36096 | Snake:3  | Noticed Agnes
 36100 | Snake:3  | Killed Agnes
 36490 | Snake:4  | Entered Level 4 of the Snake Pit
 36492 | Snake:4  | Reached skill level 1 in Shields
 36776 | Snake:4  | Identified the +2 ring mail of Mysticism {rC+ Will+}
 36796 | Snake:4  | Acquired the ring of Coleti {rElec rPois EV+4 Int-2 SInv}
 36822 | Snake:4  | Reached XP level 18. HP: 138/138 MP: 16/27
 37277 | Snake:4  | Reached skill level 5 in Shields
 37636 | Snake:4  | Reached skill level 19 in Ice Magic
 38260 | Snake:4  | Noticed Aizul
 38268 | Snake:4  | Killed Aizul
 38322 | Snake:4  | Noticed Vashnia
 38347 | Snake:4  | Killed Vashnia
 38547 | Snake:4  | Got a serpentine rune of Zot
 38860 | Shoals:1 | Entered Level 1 of the Shoals
 39007 | Shoals:1 | Found a transporter.
 39007 | Shoals:1 | Found a transporter.
 39025 | Shoals:1 | Noticed Icukitah's ghost (adept HOFi)
 39365 | Shoals:1 | Reached skill level 20 in Ice Magic
 40099 | Shoals:1 | Reached skill level 10 in Shields
 40191 | Shoals:1 | Reached skill level 1 in Earth Magic
 40236 | Shoals:1 | Reached XP level 19. HP: 133/144 MP: 23/28
 41276 | Shoals:2 | Found Laih Des's Armour Emporium.
 41632 | Shoals:3 | Found a frozen archway.
 41701 | IceCv    | Entered an ice cave
 41705 | IceCv    | Reached skill level 5 in Earth Magic
 42724 | Shoals:4 | Entered Level 4 of the Shoals
 43109 | Shoals:4 | Identified the ring of Nushodim {Fly rC- Str+6 SInv}
 43425 | Shoals:4 | Found Hokoi's Book Shoppe.
 43433 | Shoals:4 | Bought the Tome of Ice for 396 gold pieces
 43439 | Shoals:4 | Learned a level 5 spell: Freezing Cloud
 43852 | Shoals:4 | Got a barnacled rune of Zot
 43861 | Shoals:4 | Found Edadaodo's Distillery.
 43869 | Shoals:4 | Bought a potion of haste for 180 gold pieces
 43869 | Shoals:4 | Bought a potion of heal wounds for 90 gold pieces
 43869 | Shoals:4 | Bought a potion of cancellation for 144 gold pieces
 44674 | Lair:1   | Bought a +2 pair of boots of stealth for 387 gold pieces
 44688 | Lair:1   | Bought a +1 cloak of preservation for 297 gold pieces
 44865 | Vaults:1 | Entered Level 1 of the Vaults
 45171 | Vaults:1 | Reached skill level 21 in Ice Magic
 45880 | Vaults:1 | Acquired the +2 hat "Miwehise" {Will+++ Regen+ Int+4 Dex-4}
 46044 | Vaults:1 | Reached XP level 20. HP: 105/151 MP: 6/32
 46913 | Vaults:2 | Found Garafuoz's General Store.
 46921 | Vaults:2 | Bought a potion of heal wounds for 80 gold pieces
 46921 | Vaults:2 | Bought a scroll of enchant armour for 120 gold pieces
 47848 | Vaults:2 | Reached skill level 22 in Ice Magic
 49783 | Vaults:3 | Reached skill level 15 in Shields
 50201 | Lair:1   | Bought a shiny scale mail for 196 gold pieces
 50201 | Lair:1   | Bought a glowing scale mail for 196 gold pieces
 50205 | Lair:1   | Bought a +2 ring mail of fire resistance for 378 gold
                  | pieces
 50452 | Vaults:3 | Noticed Jory
 50469 | Vaults:3 | Killed Jory
 50470 | Vaults:3 | Reached XP level 21. HP: 110/157 MP: 8/33
 50893 | Vaults:3 | Found a staircase to the Crypt.
 53237 | Vaults:4 | Identified the +6 long sword "Pefogget" {freeze, Str+6}
 53471 | Vaults:4 | Found a portal to a secret trove of treasure.
 54513 | Elf:1    | Entered Level 1 of the Elven Halls
 54682 | Elf:1    | Learned a level 5 spell: Lee's Rapid Deconstruction
 54956 | Elf:1    | Found Jaclec's Magic Scroll Shoppe.
 54956 | Elf:1    | Found Inwig's Distillery.
 54986 | Elf:1    | Bought a potion of cancellation for 104 gold pieces
 54986 | Elf:1    | Bought a potion of might for 52 gold pieces
 54995 | Elf:1    | Bought a scroll of acquirement for 832 gold pieces
 54996 | Elf:1    | Acquired 874 gold pieces
 55380 | Elf:1    | Got Ihutuz's Almanac of Confrontation
 55640 | Elf:1    | Noticed Azrael
 55643 | Elf:1    | Killed Azrael
 55790 | Elf:1    | Reached skill level 1 in Conjurations
 56692 | Elf:2    | Reached XP level 22. HP: 163/163 MP: 20/34
 57011 | Elf:2    | Found a runed translucent gate.
 57011 | Elf:2    | Found a runed translucent gate.
 57015 | Elf:2    | Found a runed translucent gate.
 57045 | Elf:3    | Entered Level 3 of the Elven Halls
 58005 | Elf:3    | Reached skill level 5 in Conjurations
 58033 | Elf:3    | Identified the +8 halberd of Diet Blood {protect, rF+ rN++}
 58033 | Elf:3    | Identified the ring "Addusu" {Drain rN+ Will+ AC+4}
 58095 | Elf:3    | Identified the +0 great sword "Vuazaq" {protect, rPois
                  | Dex+2}
 58095 | Elf:3    | Identified the ring "Osets" {Fly rC+ Str+4 Slay-6 SInv}
 58099 | Elf:3    | Identified the +10 quarterstaff "Horhuqec" {holy, rC- rN+
                  | Stlth+}
 58124 | Elf:3    | Identified the ring of Momodgh {rElec rF- rN+++ Will+
                  | Str+3}
 58259 | Elf:3    | Identified the ring of Zesays {rPois MP+9 AC+4 Str+2 Int+4}
 58427 | Elf:3    | Paralysed by an air elemental for 1 turns
 58499 | Elf:3    | Identified the +6 plate armour "Xocamiz" {rN+ Will- MP-9
                  | Str+6}
 58621 | Elf:3    | Identified the ring "Raomm" {rF+ Str+4 SInv Stlth-}
 58646 | Elf:3    | Identified the +3 morningstar of the Nexus {spect, rCorr
                  | Int-3 Dex+3 Stlth+}
 58699 | Elf:3    | Identified the +6 hand axe of Classification {drain, rElec
                  | rPois Str+2 Dex+4}
 58769 | Elf:3    | Identified the +8 dagger "Foryw" {freeze, rF+ SInv}
 58823 | Elf:3    | Got the Incunabulum of Shifting Intoxication
 58831 | Elf:3    | Got the Reference Book on Harmful Translocation
 58834 | Elf:3    | Identified the +5 short sword of Buetues {vorpal, +Blink
                  | rElec Str-2}
 59518 | Depths:1 | Entered Level 1 of the Depths
 59528 | Depths:1 | Found a broken altar of Ashenzari.
 59850 | D:6      | Killed gorn's ghost
 60639 | Depths:1 | Found Taeck's Weapon Emporium.
 61308 | Slime:1  | Entered Level 1 of the Pits of Slime
 62216 | Slime:3  | Reached skill level 23 in Ice Magic
 62806 | Slime:2  | Gained mutation: You are agile. (Dex +2) [a shining eye]
 62861 | Slime:3  | Reached XP level 23. HP: 169/169 MP: 21/35
 62986 | Slime:3  | Noticed Dissolution
 62998 | Slime:3  | Killed Dissolution
 63048 | Slime:2  | Learned a level 9 spell: Polar Vortex
 63400 | Slime:4  | Reached skill level 24 in Ice Magic
 64326 | Slime:5  | Entered Level 5 of the Pits of Slime
 65210 | Slime:5  | Reached skill level 25 in Ice Magic
 65254 | Slime:5  | Noticed the Royal Jelly
 65265 | Slime:5  | Killed the Royal Jelly
 65412 | Slime:5  | Got a slimy rune of Zot
 65414 | Slime:5  | Got the Collected Works on Icy Calling
 65427 | Slime:5  | Identified the +5 rapier "Homai" {flame, rPois rN+ Str-2
                  | Int+6}
 65455 | Slime:5  | Identified the +1 ring mail of Restlessness {rElec Int+2
                  | Dex+3}
 65511 | Slime:5  | Identified the +1 trident of the Saving Genius {speed,
                  | Dex+2}
 65533 | Slime:5  | Identified the +10 shortbow of Fiokkays {flame, rF- rC+
                  | Int+6 Stlth+}
 66748 | Depths:1 | Found a one-way gate to the infinite horrors of the Abyss.
 66760 | Depths:1 | Identified the ring "Doas" {rPois rN+ Int-3 Slay+2 Stlth+}
 67047 | Depths:1 | Found an opulent altar of Gozag.
 67063 | Depths:1 | Reached skill level 10 in Spellcasting
 67192 | Depths:1 | Found a gateway to Hell.
 68635 | Depths:2 | Found a one-way gate leading to the halls of Pandemonium.
 68762 | Depths:2 | Reached XP level 24. HP: 177/178 MP: 28/37
 69095 | Depths:2 | Found an ornate altar of the Wu Jian Council.
 69612 | Depths:2 | Reached skill level 15 in Evocations
 70135 | Depths:3 | Noticed a juggernaut
 70217 | Depths:3 | Noticed Mara
 70227 | Depths:3 | Killed Mara
 70228 | Depths:3 | Noticed a caustic shrike
 70273 | Depths:3 | Killed a caustic shrike
 70378 | Depths:3 | Noticed Mennas
 70425 | Depths:3 | Killed a juggernaut
 70631 | Depths:3 | Noticed a caustic shrike
 70678 | Depths:3 | Killed a caustic shrike
 70782 | Depths:3 | Noticed a juggernaut
 70798 | Depths:3 | Killed a juggernaut
 70831 | Depths:3 | Killed Mennas
 70890 | Depths:3 | Identified the +10 quarterstaff of the Lusting Oracle
                  | {elec, *Noise rElec Str+2}
 71185 | Depths:3 | Noticed a caustic shrike
 71189 | Depths:3 | Killed a caustic shrike
 72154 | Depths:3 | Reached skill level 15 in Dodging
 72286 | Depths:3 | Identified the +1 pair of boots of the Hills {-Tele rElec
                  | rC+ Str+4}
 72520 | Depths:4 | Entered Level 4 of the Depths
 72546 | Depths:4 | Reached skill level 15 in Fighting
 73090 | Depths:4 | Found a basalt altar of Yredelemnul.
 73095 | Depths:4 | Found a one-way gateway to a ziggurat.
 73303 | Depths:4 | Reached XP level 25. HP: 160/194 MP: 17/37
 73529 | Depths:4 | Reached skill level 26 in Ice Magic
 73991 | Depths:4 | Found a radiant altar of Vehumet.
 74690 | Depths:4 | Reached skill level 27 in Ice Magic
 74759 | Depths:4 | Learned a level 5 spell: Yara's Violent Unravelling
 74801 | Depths:4 | Found a stormy altar of Qazlal.
 74889 | Depths:4 | Reached skill level 1 in Transmutations
 75000 | Depths:4 | Found a glowing golden altar of the Shining One.
 75197 | Depths:4 | Found a gate to the Realm of Zot.
 75735 | Shoals:1 | Killed Icukitah's ghost
 75805 | Shoals:1 | Identified the ring of the Catfish {*Slow rPois rN+ Dex+10
                  | SInv}
 76050 | D:15     | Reached skill level 5 in Transmutations
 76051 | D:15     | Killed Xiestris's ghost
 76364 | Slime:5  | Bought the ring of Nuenuh {rElec rF+ rC+ MP+9 Int+4} for
                  | 1392 gold pieces
 76560 | Lair:1   | Bought a +3 ring mail of positive energy for 483 gold
                  | pieces
 77336 | Crypt:1  | Entered Level 1 of the Crypt
 77844 | Crypt:1  | Noticed Saint Roka
 77874 | Crypt:1  | Killed Saint Roka
 78064 | Crypt:1  | Reached skill level 10 in Earth Magic
 78923 | Crypt:1  | Reached skill level 10 in Transmutations
 78938 | Crypt:1  | Reached XP level 26. HP: 160/201 MP: 22/37
 78973 | Crypt:1  | Learned a level 2 spell: Blink
 79069 | Crypt:1  | Acquired 843 gold pieces
 79369 | Crypt:2  | Identified the +6 rapier of the Sun {vorpal, rElec Will+}
 79573 | Crypt:2  | Found a basalt altar of Yredelemnul.
 80630 | Crypt:2  | Noticed an ancient lich
 80649 | Crypt:2  | Noticed a dread lich
 80687 | Crypt:2  | Killed an ancient lich
 80757 | Crypt:2  | Killed a dread lich
 81421 | Crypt:3  | Entered Level 3 of the Crypt
 81579 | Crypt:3  | Found a staircase to the Tomb.
 81801 | Crypt:3  | Noticed an ancient lich
 81814 | Crypt:3  | Killed an ancient lich
 82478 | Crypt:3  | Found a runed translucent gate.
 82478 | Crypt:3  | Found an ancient bone altar of Kikubaaqudgha.
 82478 | Crypt:3  | Noticed a dread lich
 82478 | Crypt:3  | Noticed a dread lich
 82479 | Crypt:3  | Found a runed translucent gate.
 82479 | Crypt:3  | Noticed Vailuoroe's ghost (veteran GrEE)
 82479 | Crypt:3  | Noticed an ancient lich
 82479 | Crypt:3  | Noticed a dread lich
 82481 | Crypt:3  | Found a runed translucent gate.
 82791 | Crypt:3  | Noticed a dread lich
 82791 | Crypt:3  | Noticed a dread lich
 83044 | Crypt:3  | Killed a dread lich
 83044 | Crypt:3  | Killed an ancient lich
 83046 | Crypt:3  | Killed a dread lich
 83047 | Crypt:3  | Killed a dread lich
 83048 | Crypt:3  | Killed Vailuoroe's ghost
 83069 | Crypt:3  | Identified the +1 helmet of Fallacy {rF- rC+ Will+ Int+2}
 83076 | Crypt:3  | Identified the ring "Gaemn" {rF+ rN+}
 83083 | Crypt:3  | Acquired a +2 demon trident of pain
 83695 | Vaults:5 | Entered Level 5 of the Vaults
 83708 | Vaults:5 | Noticed an ancient lich
 83779 | Vaults:5 | Reached XP level 27. HP: 207/207 MP: 23/39
 83785 | Vaults:5 | Killed an ancient lich
 84048 | Vaults:5 | Reached skill level 15 in Necromancy
 84500 | Vaults:5 | Noticed Sojobo
 84523 | Vaults:5 | Killed Sojobo
 84877 | Vaults:5 | Identified the +4 short sword "Paruts" {venom, rF+ Str+3}
 85612 | Vaults:5 | Identified the +9 falchion of Mastery {pain, rPois rC++}
 86218 | Vaults:5 | Got a silver rune of Zot
 86328 | Vaults:5 | Bought a shiny kite shield for 255 gold pieces
 86842 | Elf:1    | Bought a scroll of enchant weapon for 120 gold pieces
 86842 | Elf:1    | Bought a scroll of blinking for 120 gold pieces
 86842 | Elf:1    | Bought a scroll of enchant weapon for 120 gold pieces
 87349 | D:3      | Bought a scroll of enchant weapon for 82 gold pieces
 87349 | D:3      | Bought a scroll of summoning for 104 gold pieces
 87532 | Lair:1   | Bought the ring "Cotoohaun" {rElec rPois rC++ Str+3 Int+2}
                  | for 1488 gold pieces
 88264 | Hell     | Entered the Vestibule of Hell
 88264 | Hell     | Noticed Geryon
 88277 | Hell     | Killed Geryon
 88604 | Hell     | Found a gateway to the freezing wastes of Cocytus.
 88670 | Hell     | Found a gateway to the Iron City of Dis.
 88692 | Hell     | Found a gateway to the ashen valley of Gehenna.
 88962 | Hell     | Found a gateway to the decaying netherworld of Tartarus.
 89051 | Hell     | Noticed Murray
 89068 | Hell     | Killed Murray
 89329 | Depths:1 | Voluntarily entered the Abyss.
 90004 | Depths:1 | Escaped the Abyss
 90115 | Zot:1    | Entered Level 1 of the Realm of Zot
 90409 | Depths:1 | Voluntarily entered the Abyss.
 90447 | Abyss:1  | Found a corrupted altar of Lugonu.
 90615 | Abyss:1  | Found a corrupted altar of Lugonu.
 90916 | Abyss:2  | Found an opulent altar of Gozag.
 91576 | Abyss:4  | Reached skill level 15 in Transmutations
 91576 | Abyss:4  | Got an abyssal rune of Zot
 91656 | Depths:1 | Escaped the Abyss
 92199 | Zot:1    | Learned a level 8 spell: Necromutation
 92247 | Zot:1    | Noticed an orb of fire
 92394 | Zot:1    | Gained mutation: You are dopey. (Int -2) [an orb of fire]
 92399 | Zot:1    | Killed an orb of fire
 92790 | Zot:1    | Noticed an orb of fire
 94240 | Zot:2    | Identified the ring of the Ban {+Blink AC+4 Stlth+}
 94383 | Zot:2    | Found the +3 sling "Punk" {acid, rCorr}
 94417 | Zot:2    | Identified the +0 ring mail "Zoqets" {Contam rPois rCorr
                  | Slay+3}
 94776 | Zot:2    | Acquired 482 gold pieces
 94785 | Zot:2    | Acquired a +0 demon trident of electrocution
 95315 | Zot:3    | Found a runed translucent gate.
 95370 | Zot:3    | Found a runed translucent gate.
 95371 | Zot:3    | Found a runed translucent gate.
 95371 | Zot:3    | Identified the amulet "Dadejerr" {RegenMP rElec Str+4}
 95372 | Zot:3    | Identified the ring "Apri As Oth" {AC+4 Dex+9}
 95373 | Zot:3    | Noticed Heisao's ghost (legendary TrBe)
 97144 | Zot:4    | Paralysed by you for 7 turns
 97392 | Zot:5    | Entered Level 5 of the Realm of Zot
 97507 | Zot:5    | Noticed an orb of fire
 97779 | Zot:5    | Noticed an orb of fire
 97786 | Zot:5    | Gained mutation: Your body sometimes deteriorates upon
                  | taking damage. [an orb of fire]
 97788 | Zot:5    | Gained mutation: You are weak. (Str -2) [an orb of fire]
 97791 | Zot:5    | Killed an orb of fire
 97910 | Zot:5    | Noticed an orb of fire
 97950 | Zot:5    | Killed an orb of fire
 97954 | Zot:5    | Killed an orb of fire
 98084 | Zot:5    | Noticed an orb of fire
 98108 | Zot:5    | Gained mutation: You are very dopey. (Int -4) [an orb of
                  | fire]
 98119 | Zot:5    | Gained mutation: Your spells are a little easier to cast,
                  | but a little less powerful. [an orb of fire]
 98120 | Zot:5    | Killed an orb of fire
 98134 | Zot:5    | Killed a dread lich
 98278 | Zot:5    | Noticed an orb of fire
 98296 | Zot:5    | Noticed a dread lich
 98303 | Zot:5    | Killed an orb of fire
 98327 | Zot:5    | Killed a dread lich
 98864 | Lair:1   | Lost mutation: You are weak. (Str -2) [potion of mutation]
 98864 | Lair:1   | Lost mutation: Your spells are a little easier to cast, but
                  | a little less powerful. [potion of mutation]
 98864 | Lair:1   | Lost mutation: You are very dopey. (Int -4) [potion of
                  | mutation]
 98864 | Lair:1   | Gained mutation: Your flesh is heat resistant. (rF+)
                  | [potion of mutation]
 98864 | Lair:1   | Lost mutation: You are agile. (Dex +2) [potion of mutation]
 99634 | Zot:5    | Got the Orb of Zot
 99954 | Depths:2 | Noticed Symid the pandemonium lord
 99982 | D:15     | Gained mutation: You do not regenerate when monsters are
                  | visible. [a cacodemon]
100242 | D:5      | Noticed Puny the pandemonium lord
100375 | D:$      | Escaped with the Orb!

Illustrated notes

Levels and vault maps discovered:
D:1:      amcnicky_arrival_double_pillar, layout_basic,
          chequers_serial_rivers_micro_c, minmay_lizard_king
D:2:      layout_basic, uniq_crazy_yiuf_cottage, uniq_sigmund
D:3:      layout_basic, serial_shops, nicolae_shop_behind_doors, shop,
          cheibrodos_sewer_entry_bend,
          hellmonk_ecumenical_altar_pennies_from_heaven, uniq_ijyb
D:4:      layout_rooms, uniq_robin, uniq_duvessa, uniq_blork_the_orc
D:5:      layout_cave_pools, trog_book, minmay_misc_feat_ornament, minivault_25
D:6:      layout_loops_ring, ebering_ghost_xom, serial_shops,
          nicolae_shop_bloodbath_and_beyond
D:7:      layout_basic, minmay_temple_entry_metal_lava,
          kennysheep_cross_bottleneck
D:8:      erik_cavepeople, layout_basic, uniq_maggie
D:9:      layout_loops_ring, lair_entry_dummy, wad_mini_maze
D:10:     layout_loops_ring, minivault_22, small_statue_alley_b,
          nicolae_straight_to_the_point, uniq_urug, uniq_joseph
D:11:     layout_basic
D:12:     minmay_elf_outpost, layout_long_grid, david_orc_4,
          minmay_gold_behind_fungi
D:13:     layout_stronghold, kennysheep_big_empty_room,
          minmay_misc_feat_hallway, minmay_diced_spiral
D:14:     layout_irregular_city, david_vaults_3, vehumet_crystals,
          gauntlet_entry_generic, minmay_variable_closet
D:15:     gammafunk_enter_depths_forms, layout_rooms,
          gammafunk_ghost_necromancy, uniq_josephine
Temple:   compressed_dpeg_circular_temple
Lair:1:   layout_loops_ring, nicolae_quartered_pool_impasse, grunt_megastairs_4,
          lemuel_fruit_tree
Lair:2:   layout_misc_corridors, minmay_shoals_entry_hut,
          minmay_snake_entry_guardpost_medium, infiniplex_staircase_pool_2
Lair:3:   layout_hall_layers, lemuel_fruit_fields, grunt_megastairs_1
Lair:4:   layout_regular_city, chequers_serial_rivers_micro_c,
          serial_bayou_shore_a
Lair:5:   layout_misc_corridors
Lair:6:   evilmike_catoblepas_cave, layout_gridlike,
          nicolae_slime_entry_slimehenge, lemuel_fruit_fields
Shoals:1: layout_shoals, ebering_ghost_davey_jones, st_sunken_temple
Shoals:2: layout_shoals, serial_shops, nicolae_shop_advertising_works
          [nicolae_subvault_shop_adworks]
Shoals:3: layout_shoals, portal_ice_cave_entry_pillars_1,
          nicolae_shoals_seven_spires
Shoals:4: shoals_end_grunt_garden, layout_shoals, serial_shops, shop, shop,
          nzn_prometheus_bound
Snake:1:  layout_gridlike, special_room
Snake:2:  layout_rooms
Snake:3:  layout_grid_maze, uniq_agnes
Snake:4:  grunt_snake_rune_serpentine_throne, layout_misc_corridors,
          grunt_ministairs_13, uniq_aizul
Slime:1:  layout_caves
Slime:2:  layout_caves, nicolae_slime_welcoming_committee
Slime:3:  layout_caves, uniq_dissolution
Slime:4:  layout_caves, nicolae_slime_round_cave
Slime:5
Orc:1:    layout_diamond_mine
Orc:2:    grunt_orc_tribal_feast, layout_caves, serial_shops,
          nicolae_shop_hallway_stairs
Elf:1:    eino_elf_arrival_the_gate, layout_onion_city, minmay_elf_annihilation,
          minmay_shoptagon, uniq_azrael
Elf:2:    elven_hall_of_blades_hangedman_original
          [nicolae_vaults_blade_armed_guards], layout_geoelf_octagon
Elf:3:    minmay_elf_hall_statues, layout_geoelf_octagon
Vaults:1: nicolae_vaults_three_branches, v_misc_14, nicolae_vaults_asterisk,
          ontoclasm_vaults_echo, v_misc_17, vaults_dpeg_ring, v_misc_4,
          v_pattern_3, vaults_room_octagon,
          vaults_room_grunt_arrival_checkpoint, layout_vaults_maze_snakey
Vaults:2: vaults_mumra_bighexcomb, v_alt_pattern_5,
          nicolae_vaults_little_squares_5, ontoclasm_vaults_bender, v_rooms_4,
          hangedman_vaults_unwind, hangedman_vaults_stitches, v_rooms_4,
          nicolae_vaults_little_squares_6, vaults_room_door_hall,
          layout_vaults_omnibox, serial_shops, shop
Vaults:3: vaults_mumra_chevron, v_misc_25, vaults_mumra_lcd,
          grunt_vaults_funnel, vaults_standard_mumra_lines, v_misc_32, v_misc_9,
          v_misc_29, v_misc_11, blue_anna_dwarven_crypt, v_alt_pattern_4,
          ontoclasm_vaults_misaligned, v_misc_23, layout_vaults_big_cross,
          uniq_jory
Vaults:4: v_alt_pattern_2, hangedman_vaults_stretched_pinwheel,
          hangedman_vaults_slither, v_misc_16, nicolae_vaults_theta,
          hangedman_vaults_stagger, v_alt_pattern_6, hangedman_vaults_corner,
          vaults_room_semicircle, hangedman_vaults_impose,
          layout_vaults_chaotic_city, nicolae_trove_entry_free_sample
Vaults:5: serial_shops, uniq_sojobo
Crypt:1:  layout_gridlike, nicolae_crypt_crumbling_hall, uniq_saint_roka
Crypt:2:  grunt_deathspiral_small, layout_rooms, minivault_19, minivault_23,
          lemuel_mausoleum_altar_yredelemnul
Crypt:3:  david_glass_crypt, layout_misc_corridors,
          nicolae_tomb_entry_rubble_hallway, gammafunk_ghost_crypt,
          minivault_26, grunt_ministairs_13
Depths:1: minmay_the_grid_octo_tiled_squarecenter_mashed
          [minmay_the_grid_octo_horde, minmay_the_grid_octo_pinwheel,
          minmay_the_grid_octo_vomiting_pacman, minmay_the_grid_octo_checkered,
          minmay_the_grid_square_5x5_megaprize_hollow,
          minmay_the_grid_square_5x5_n_small, minmay_the_grid_square_5x5_six,
          minmay_the_grid_square_5x5_fancy_junction,
          minmay_the_grid_square_5x5_seven], layout_cave_pools,
          evilmike_ruin_ashenzari, abyss_entry_small_statue_room, serial_shops,
          shop, grunt_mini_vestibule, serial_sigils_hangedman_confine,
          minivault_11, nrook_loot_triangle, drop_trap, grunt_ministairs_4,
          minivault_15, nooodl_orcs_dogs
Depths:2: nzn_winding_woodlands_three_and_one
          [nzn_winding_woodlands_5x15_split_checker,
          nzn_winding_woodlands_5x15_zeroes,
          nzn_winding_woodlands_5x15_lazy_stream,
          nzn_winding_woodlands_center_lodge], layout_honeycomb, pan_entry,
          pf_hell_entry_great_geh, nicolae_wu_jian_wuxing_cycle
Depths:3: minmay_four_inscribed_fans, layout_cave_pools,
          grunt_pan_entry_sceptre, hell_entry, abyss_entry_crystal, uniq_mara,
          uniq_margery, uniq_mennas
Depths:4: grunt_profane_halls [grunt_profane_temple_tar,
          grunt_profane_temple_dis, grunt_profane_temple_geh,
          grunt_profane_temple_coc, grunt_zot_portal], pan_entry, hell_entry
Hell
Zot:1:    layout_cathedral_of_symmetry
Zot:2:    lemuel_acid_trip, layout_cathedral_of_symmetry,
          st_large_dragon_hoard_4
Zot:3:    layout_gridlike, gammafunk_ghost_tricky_traps
Zot:4:    gammafunk_mikee_crab_dinner, layout_basic
Zot:5:    layout_basic, hangedman_zot_decor_tridents, nrook_zot_tub

Skill      XL: |  1  2  3  4  5  6  7  8  9 10 11 12 13 14 15 16 17 18 19 20 21 22 23 24 25 26 27 |
---------------+----------------------------------------------------------------------------------+-----
Ice Magic      | 5 6 8 11 15 18 20 21 22 23 25 27 | 27.0
Short Blades   | 2 4 |  4.5
Spellcasting   | 3 4 6 8 10 12 14 | 14.0
Polearms       | 4 8 12 14 17 20 | 20.0
Fighting       | 6 10 11 12 15 20 | 20.0
Evocations     | 4 8 10 12 14 15 | 15.0
Armour         | 5 6 8 |  8.0
Hexes          | 2 |  2.5
Dodging        | 10 11 15 20 | 20.0
Necromancy     | 5 10 11 13 19 | 19.0
Shields        | 4 10 11 15 | 15.1
Earth Magic    | 1 5 8 10 | 10.0
Conjurations   | 3 5 |  5.6
Transmutations | 10 20 | 20.0
Stealth        | |  2.1

Action                   |  1- 3 |  4- 6 |  7- 9 | 10-12 | 13-15 | 16-18 | 19-21 | 22-24 | 25-27 || total
-------------------------+-------+-------+-------+-------+-------+-------+-------+-------+-------++-------
Melee: Dagger            |   133 |       |       |       |       |       |       |       |       ||   133
       Short sword       |     5 |    70 |       |       |       |       |       |       |       ||    75
       Tailslap          |       |     2 |       |     4 |       |       |       |       |     8 ||    14
       Spear             |       |    16 |   140 |       |       |    38 |   138 |       |       ||   332
       Punch             |       |     1 |     2 |    11 |    14 |       |     1 |       |     1 ||    30
       Trident           |       |       |    96 |   366 |   551 |     7 |   151 |   209 |  1252 ||  2632
       Glaive            |       |       |       |       |     6 |    20 |       |       |       ||    26
       Staff             |       |       |       |       |     3 |     3 |     6 |    35 |   144 ||   191
       Halberd           |       |       |       |       |       |       |       |   190 |    81 ||   271
       Demon trident     |       |       |       |       |       |       |       |       |   303 ||   303
Throw: Dart              |       |     3 |    13 |    34 |    26 |     1 |       |       |       ||    77
       Boomerang         |       |       |       |     3 |     6 |       |       |       |       ||     9
 Cast: Freeze            |    51 |     3 |       |       |       |       |       |       |       ||    54
       Frozen Ramparts   |       |     7 |    22 |    36 |    50 |       |     1 |       |       ||   116
       Ozocubu's Armour  |       |     3 |    17 |    33 |    39 |       |    14 |    22 |    21 ||   149
       Fulminant Prism   |       |       |       |     1 |       |       |       |       |       ||     1
       Ozocubu's Refrige |       |       |       |       |   108 |   399 |   569 |   499 |   324 ||  1899
       Ensorcelled Hiber |       |       |       |       |       |     4 |       |       |       ||     4
       Borgnjor's Vile C |       |       |       |       |       |       |     4 |    10 |    18 ||    32
       Freezing Cloud    |       |       |       |       |       |       |       |     2 |     1 ||     3
       Polar Vortex      |       |       |       |       |       |       |       |    44 |   247 ||   291
       Lee's Rapid Decon |       |       |       |       |       |       |       |     3 |    20 ||    23
Invok: Potion Petition   |       |       |       |       |     1 |       |       |       |       ||     1
       Call Merchant     |       |       |       |       |       |     1 |     2 |     3 |     5 ||    11
       Bribe Branch      |       |       |       |       |       |       |       |       |     3 ||     3
Evoke: Wand              |       |       |     1 |     1 |     8 |     2 |     3 |    12 |    10 ||    37
       Box of beasts     |       |       |       |       |       |       |     2 |     1 |     2 ||     5
       Condenser vane    |       |       |       |       |       |       |       |     2 |     2 ||     4
       Phial of floods   |       |       |       |       |       |       |       |     1 |     1 ||     2
       Phantom mirror    |       |       |       |       |       |       |       |       |     3 ||     3
       Lightning rod     |       |       |       |       |       |       |       |       |     1 ||     1
       Tin of tremorston |       |       |       |       |       |       |       |       |     1 ||     1
  Use: Scroll            |       |     4 |     5 |     8 |    11 |     7 |     5 |    10 |    40 ||    90
       Potion            |       |       |       |       |     1 |       |       |     4 |    30 ||    35
 Stab: Sleeping          |     5 |     3 |     4 |     3 |     2 |     1 |     1 |     1 |     5 ||    25
       Distracted        |       |       |       |    11 |    12 |     2 |    12 |     6 |    17 ||    60
Armor: Robe              |    61 |    13 |       |       |       |       |       |       |       ||    74
       Troll leather arm |       |    14 |    21 |       |       |       |       |       |       ||    35
       Leather armour    |       |       |     8 |    57 |   124 |    23 |       |       |       ||   212
       Ring mail         |       |       |       |       |       |    11 |    76 |   203 |   499 ||   789
Dodge: Dodged            |   112 |    49 |    84 |    79 |   150 |   101 |   115 |   261 |   772 ||  1723
Block: Kite shield       |       |       |       |       |       |       |   140 |    98 |   348 ||   586
       Buckler           |       |       |       |       |       |       |       |       |   315 ||   315
       Reflection        |       |       |       |       |       |       |       |       |     7 ||     7
